 Dungeon Crawl Stone Soup version 0.29.1-13-g9f3cf754e1 (webtiles) character file.

Game seed: 13194851078733177168

7 hawla the Chiller (level 2, -1/20 HPs)
             Began as a Meteoran Ice Elementalist on Jan 26, 2023.
             Killed from afar by Crazy Yiuf (10 damage)
             ... with a puff of flame
             ... on level 2 of the Dungeon.
             The game lasted 00:01:10 (214 turns).

hawla the Chiller (Meteoran Ice Elementalist)        Turns: 214, Time: 00:01:10

Health: -1/20      AC:  2    Str:  9    XL:     2   Next: 17%
Magic:  4/6        EV: 12    Int: 16    God:
Gold:   13         SH:  0    Dex: 14    Spells: 5/6 levels left

rFire   . . .      SeeInvis .   f - +0 long sword
rCold   . . .      Faith    .   (no shield)
rNeg    . . .      Spirit   .   a - +0 robe
rPois   .          Reflect  .   (no helmet)
rElec   .          Harm     .   (no cloak)
rCorr   .          Rampage  .   (no gloves)
Will    .....                   (no boots)
Stlth   +.........              (no amulet)
HPRegen 0.06/turn               (no ring)
MPRegen 0.10/turn               (no ring)

@: slowed, glowing, very slow
A: sense surroundings 1, otherworldly, glowing, explore regen
a: no special abilities


You were on level 2 of the Dungeon.
You visited 1 branch of the dungeon, and saw 2 of its levels.

You collected 13 gold pieces.

Inventory:

Hand Weapons
 f - a +0 long sword (weapon)
Armour
 a - a +0 robe (worn)
Jewellery
 c - an amulet of guardian spirit
Scrolls
 d - 2 scrolls of poison {unknown}
 g - a scroll of summoning {unknown}
 h - a scroll of magic mapping {unknown}
 i - a scroll of fear {unknown}
 j - a scroll of amnesia {unknown}
 k - a scroll of fog {unknown}
Potions
 b - a potion of magic
 e - 2 potions of lignification {unknown}


   Skills:
 + Level 2.5 Dodging
 - Level 1.4 Stealth
 + Level 2.9 Spellcasting
 + Level 4.6 Ice Magic


You had 5 spell levels left.
You knew the following spells:

 Your Spells              Type           Power      Damage    Failure   Level
a - Freeze                Ice            68%        1d8       2%          1

Your spell library contained the following spells:

 Spells                   Type           Power      Damage    Failure   Level
 Frozen Ramparts          Ice            34%        1d6       9%          3
 Ozocubu's Armour         Ice            17%        N/A       9%          3
 Hailstorm                Conj/Ice       9%         3d4       58%         4


Dungeon Overview and Level Annotations

Branches:
Dungeon (2/15) Zot: 981

Altars:

Annotations:
D:2 Crazy Yiuf


Innate Abilities, Weirdness & Mutations

You passively map a small area around you.
You are easily found by Zot.
You glow in the dark.
You regain HP and MP as you explore.


Message History

You slash the goblin!
You kill the goblin!
No target in view!
No target in view!
Things that are here:
a +0 dagger; a +0 sling; a goblin corpse
Found a hammer.
Found a runed translucent door.
Crazy Yiuf shouts!
A rat comes into view.
A rat is nearby!
The rat bites you.
You closely miss the rat. The rat closely misses you.
You hit the rat.
You kill the rat!
No target in view!
You see here a rat corpse.
Found two stone staircases leading down and a stone staircase leading up.
You see here a rat corpse.
Crazy Yiuf says, "Trifle down Xom!"
You open the door.
Casting: Freeze (safe; 2% risk of failure)
Confirm with . or Enter, or press ? or * to list all spells.
Aiming: Freeze (safe; 2% risk of failure)
Press: ? - help, Shift-Dir - straight line, f - Crazy Yiuf
Aim: Crazy Yiuf, wielding a +3 quarterstaff of chaos, wearing a +0 cloak and carrying a wand of flame (21)
You freeze Crazy Yiuf.
Crazy Yiuf is moderately wounded.
Crazy Yiuf hits you with a +3 quarterstaff of chaos!
Ouch! That really hurt!
You feel yourself slow down.
Casting: Freeze (safe; 2% risk of failure)
Confirm with . or Enter, or press ? or * to list all spells.
Aiming: Freeze (safe; 2% risk of failure)
Press: ? - help, Shift-Dir - straight line, f/p - Crazy Yiuf
Aim: Crazy Yiuf, wielding a +3 quarterstaff of chaos, wearing a +0 cloak and carrying a wand of flame (21) (moderately wounded)
You freeze Crazy Yiuf.
Crazy Yiuf is moderately wounded.
Crazy Yiuf zaps a wand.
The puff of flame hits you!
Ouch! That really hurt!
You die...

##### #..)# #...#
*... , , * #g#* *
##@# * #.## , , *
##.# #.## * * #.
##.## * *,
*#.####.#** #...##
# #... ... *
#....# ####.#
,##..###.## ##..##
#>.. ........#
#....##########.#*


You could see Crazy Yiuf.

Vanquished Creatures
  A worm (D:2)
  A goblin (D:2)
  3 rats (D:2)
5 creatures vanquished.

Notes
Turn   | Place    | Note
-------+----------+-------------------------------------------
     0 | D:1      | hawla the Meteoran Ice Elementalist began the quest for the
                  | Orb.
     0 | D:1      | Reached XP level 1. HP: 14/14 MP: 5/5
   144 | D:2      | Reached XP level 2. HP: 20/20 MP: 2/6
   168 | D:2      | Found a runed translucent door.
   169 | D:2      | Noticed Crazy Yiuf
   214 | D:2      | Killed from afar by Crazy Yiuf

Illustrated notes

Levels and vault maps discovered:
D:1:      psy_arrival_fountain, layout_basic, minmay_misc_feat_x,
          corner_web_ring
D:2:      layout_loops_ring, chequers_mini_garden, uniq_natasha,
          uniq_crazy_yiuf_cottage

Action                   || total
-------------------------++-------
Melee: Long sword        ||     9
 Cast: Freeze            ||     5
Dodge: Dodged            ||     6
